 Dungeon Sprint DCSS version 0.22.1-1-ga44c0e56f4 (webtiles) character file.

10541 MuseOD the Unseen (level 11, -2/63 HPs)
             Began as a Spriggan Enchanter on Oct 2, 2018.
             Was the Champion of Dithmenos.
             Slain by an eight-headed hydra (12 damage)
             ... in the Dungeon (Sprint III: "The Ten Rune Challenge").
             The game lasted 00:07:45 (2911 turns).

MuseOD the Unseen (Spriggan Enchanter)              Turns: 2911, Time: 00:07:45

Health: -2/63      AC:  2    Str:  4    XL:     11   Next: 37%
Magic:  13/29      EV: 18    Int: 19    God:    Dithmenos [******]
Gold:   124        SH:  0    Dex: 18    Spells: 22/37 levels left

rFire    . . .     SeeInvis +   a - +1 dagger
rCold    . . .     Gourm    .   (shield restricted)
rNeg     . . .     Faith    .   b - +0 robe
rPois    .         Spirit   .   (helmet restricted)
rElec    .         Reflect  .   (no cloak)
rCorr    .         Harm     .   (gloves unavailable)
MR       +....     NoTele   +   (boots unavailable)
Stlth    ++++++++++             (no amulet)
HPRegen  0.20/turn              (no ring)
MPRegen  0.21/turn              (no ring)

@: wreathed by umbra, very quick
A: very small, unfitting armour, see invisible, herbivore, speed 3, slow
metabolism 2
a: Shadow Step, Shadow Form, Renounce Religion


You were in the Dungeon.
You worshipped Dithmenos.
Dithmenos was exalted by your worship.
You were hungry.

You visited 1 branch You collected 124 gold pieces.

Inventory:

Hand Weapons
 a - a +1 dagger (weapon)
Armour
 b - a +0 robe (worn)
Wands
 r - a wand of iceblast (9)
Scrolls
 j - a scroll of blinking
 k - 2 scrolls of torment
 l - a scroll of identify
 m - 3 scrolls of remove curse
 p - a scroll of immolation {unknown}
 q - a scroll of enchant weapon {unknown}
 s - 2 scrolls of acquirement
Potions
 c - 3 potions of mutation {unknown}
 e - a potion of invisibility {unknown}
 f - a potion of heal wounds
 g - 2 potions of haste
 h - 2 potions of magic
 i - 2 potions of berserk rage
 n - 2 potions of might
 o - a potion of flight
Comestibles
 d - 4 rations


   Skills:
 + Level 10.3 Fighting
 * Level 17.6 Short Blades
 - Level 3.0 Dodging
 + Level 17.9 Stealth
 + Level 13.5 Spellcasting
 + Level 1.8 Conjurations
 + Level 12.0 Hexes


You had 22 spell levels left.
You knew the following spells:

 Your Spells              Type           Power        Failure   Level  Hunger
a - Corona                Hex            ######.      1%          1    None
b - Ensorcelled Hibernat  Hex/Ice        #####.       1%          2    None
c - Confuse               Hex            ######..     1%          3    None
d - Dazzling Spray        Conj/Hex       #####.       1%          3    None
e - Tukima's Dance        Hex            ######..     1%          3    None
f - Mephitic Cloud        Conj/Pois/Air  ###.....     12%         3    None

Your spell library contained the following spells:

 Spells                   Type           Power        Failure   Level  Hunger
 Confusing Touch          Hex            ######       1%          1    None
 Slow                     Hex            ######..     1%          2    None
 Magic Dart               Conj           ###.         2%          1    None
 Animate Skeleton         Necr           N/A          5%          1    None
 Apportation              Tloc           ##....       5%          1    None
 Summon Small Mammal      Summ           ##..         5%          1    None
 Blink                    Tloc           N/A          8%          2    None
 Call Imp                 Summ           ##......     8%          2    None
 Conjure Flame            Conj/Fire      ###.....     11%         3    None


Dungeon Overview and Level Annotations

Branches:
Dungeon (1/1)

Altars:
Dithmenos
Elyvilon
Kikubaaqudgha
Okawaru
Ru
Sif Muna
Trog
Uskayaw
Vehumet
Wu Jian
Yredelemnul
Zin
The Shining One
Beogh

Shops:
D =?*[((}?:%[!

Annotations:
D exclusion: obsidian statue


Innate Abilities, Weirdness & Mutations

You are very small and have problems with some larger weapons.
You are too small for most types of armour.
You have supernaturally acute eyesight. (SInv)
You are a herbivore.
You cover ground extremely quickly.
You need to consume almost no food.


Message History

There is an open door here.
You strike the helpless seven-headed hydra from behind!
You skewer the seven-headed hydra like a kebab!!!
The seven-headed hydra is almost dead.
The eight-headed hydra bites the electric eel.
The eight-headed hydra bites the electric eel! x2
The electric eel is killed!
Dithmenos accepts your kill.
You hear a splash.
You enter the shallow water.
Moving in this stuff is going to be slow.
The seven-headed hydra closely misses you.
The seven-headed hydra bites you!
The seven-headed hydra barely misses you.
The seven-headed hydra bites you. x2; The seven-headed hydra bites you!
The seven-headed hydra bites you. The eight-headed hydra bites you!
* * * LOW HITPOINT WARNING * * *
The eight-headed hydra bites you!
You die...

▓▓▓▓▓▓▓
▓▓▓▓▓▓▓▓▓▓▓▓▓▓▓▓▓▓#.....
♣♣≈≈≈........≈≈≈...#.(.^.
+♣♣'♣≈≈≈≈≈≈≈≈≈≈≈≈♣♣P.'.....
#.≈♣♣♣♣♣♣♣♣♣♣♣♣♣♣♣♣PP#.....
#.†♣♣ ♣♣♣##'###
###'♣♣♣♣♣♣♣♣♣♣♣♣♣♣♣ #.).'(
♣♣♣♣.##..##≈≈≈≈≈≈..# #...#.
♣...##.##.#≈D≈†≈...# #...#.
♣♣.##†##†##@≈D≈≈≈# #####.
♣..#.##...#≈≈..§... #)PPP.
♣♣.##.##.)#≈..+#### #..P.P
♣♣.##.#####...# #..)PP
♣.....# ....# #...)P
####### ##### #+#### #.....
#.#### #.#


You could see an eight-headed hydra (confused) and a seven-headed hydra
(confused).

Vanquished Creatures
  Dowan (D)
  Azrael (D)
  Erolcha (D)
  A yaktaur captain (D)
  Urug (D)
  A lindwurm (D)
  A deep elf mage (D)
  2 spiny frogs (D)
  A komodo dragon (D)
  3 yaktaurs (D)
  3 wandering mushrooms (D)
  2 tyrant leeches (D)
  An orc high priest (D)
  A shadow (D)
  5 redbacks (D)
  A necrophage (D)
  5 two-headed ogres (D)
  A water elemental (D)
  An electric eel (D)
  3 orc priests (D)
  A wizard (D)
  A jelly (D)
  A necromancer (D)
  3 humans (D)
  A kobold demonologist (D)
  A wolf (D)
  An ooze (D)
  3 rats (D)
  A plant (D)
49 creatures vanquished.

Vanquished Creatures (others)
  A deep elf blademaster (D)
  2 draconian scorchers (D)
  6 hellions (D)
  2 yaktaurs (D)
  2 ball lightnings (D)
  4 ballistomycetes (D)
  5 ballistomycete spores (D)
  22 plants (D)
44 creatures vanquished.

Grand Total: 93 creatures vanquished

Notes
Turn   | Place    | Note
-------+----------+-------------------------------------------
     0 | D        | MuseOD the Spriggan Enchanter began the quest for the Orb.
     0 | D        | Reached XP level 1. HP: 9/9 MP: 5/5
    15 | D        | Reached skill level 1 in Fighting
    15 | D        | Reached skill level 5 in Stealth
    46 | D        | Noticed a wolf
    49 | D        | Killed a wolf
    49 | D        | Reached XP level 2. HP: 15/15 MP: 6/6
    56 | D        | Learned a level 2 spell: Ensorcelled Hibernation
   115 | D        | Killed a hellion
   122 | D        | Killed a hellion
   126 | D        | Killed a hellion
   133 | D        | Killed a hellion
   135 | D        | Killed a hellion
   139 | D        | Reached skill level 5 in Short Blades
   139 | D        | Reached XP level 3. HP: 19/19 MP: 0/8
   144 | D        | Learned a level 3 spell: Confuse
   156 | D        | Killed a hellion
   161 | D        | Killed a yaktaur
   214 | D        | Killed a white draconian scorcher
   221 | D        | Killed a yaktaur
   327 | D        | Noticed a water elemental
   327 | D        | Killed a white draconian scorcher
   329 | D        | Killed a water elemental
   329 | D        | Reached XP level 4. HP: 24/24 MP: 9/9
   337 | D        | Found a basalt altar of Yredelemnul.
   337 | D        | Found a shadowy altar of Dithmenos.
   337 | D        | Found a sacrificial altar of Ru.
   337 | D        | Noticed a necrophage
   340 | D        | Killed a necrophage
   340 | D        | Reached XP level 5. HP: 30/30 MP: 10/13
   344 | D        | Became a worshipper of Dithmenos the Shadowed
   368 | D        | Found a glowing silver altar of Zin.
   368 | D        | Found a glowing golden altar of the Shining One.
   368 | D        | Found a white marble altar of Elyvilon.
   368 | D        | Noticed a deep elf mage
   375 | D        | Killed a deep elf mage
   375 | D        | Reached XP level 6. HP: 36/36 MP: 1/17
   375 | D        | Reached XP level 7. HP: 40/40 MP: 1/19
   589 | D        | Found a radiant altar of Vehumet.
   589 | D        | Found a deep blue altar of Sif Muna.
   589 | D        | Found an ancient bone altar of Kikubaaqudgha.
   593 | D        | Reached * piety under Dithmenos
   605 | D        | Learned a level 3 spell: Dazzling Spray
   609 | D        | Learned a level 3 spell: Tukima's Dance
   613 | D        | Learned a level 3 spell: Mephitic Cloud
   620 | D        | Found a hide-covered altar of Uskayaw.
   620 | D        | Found a roughly hewn altar of Beogh.
   620 | D        | Found an iron altar of Okawaru.
   620 | D        | Found a bloodstained altar of Trog.
   620 | D        | Found an ornate altar of the Wu Jian Council.
   620 | D        | Noticed a human
   620 | D        | Noticed a human
   623 | D        | Killed a human
   624 | D        | Killed a human
   639 | D        | Noticed a shadow
   641 | D        | Killed a shadow
   641 | D        | Reached ** piety under Dithmenos
   641 | D        | Reached skill level 5 in Hexes
   641 | D        | Reached XP level 8. HP: 45/45 MP: 19/21
   769 | D        | Reached *** piety under Dithmenos
   772 | D        | Noticed a two-headed ogre
   788 | D        | Killed a two-headed ogre
   950 | D        | Noticed a two-headed ogre
   950 | D        | Noticed Erolcha
   952 | D        | Killed Erolcha
   952 | D        | Reached skill level 10 in Spellcasting
   952 | D        | Reached XP level 9. HP: 51/51 MP: 22/24
   953 | D        | Killed a two-headed ogre
   979 | D        | Reached **** piety under Dithmenos
  1317 | D        | Noticed Dowan
  1317 | D        | Noticed Duvessa
  1330 | D        | Banished Duvessa
  1332 | D        | Killed Dowan
  1332 | D        | Reached skill level 15 in Short Blades
  1332 | D        | Reached skill level 15 in Stealth
  1332 | D        | Reached XP level 10. HP: 19/57 MP: 7/26
  1581 | D        | Noticed an obsidian statue
  1593 | D        | Found Cufue's Antique Weapon Emporium.
  1593 | D        | Found Amotu's Magic Scroll Shop.
  1593 | D        | Found Cygamn's Antique Armour Boutique.
  1593 | D        | Found Juarug's Distillery.
  1593 | D        | Found Silergh's Antique Weapon Boutique.
  1593 | D        | Found Feh Yhis's Gadget Emporium.
  1593 | D        | Found Touliat's Assorted Antiques.
  1593 | D        | Found Ralouh's Antique Armour Shop.
  1593 | D        | Found Zases's Magic Scroll Shop.
  1593 | D        | Found Dyfapt's Food Emporium.
  1593 | D        | Found Huig's Jewellery Emporium.
  1593 | D        | Found Mismafoc's Book Boutique.
  1631 | D        | Noticed a crystal guardian
  1632 | D        | Noticed a crystal guardian
  1632 | D        | Noticed a crystal guardian
  1983 | D        | Reached ***** piety under Dithmenos
  1983 | D        | Reached skill level 10 in Hexes
  2418 | D        | Killed a deep elf blademaster
  2474 | D        | Noticed a yaktaur captain
  2479 | D        | Killed a yaktaur captain
  2487 | D        | Noticed Azrael
  2489 | D        | Killed Azrael
  2548 | D        | Reached XP level 11. HP: 51/63 MP: 16/28
  2625 | D        | Reached skill level 10 in Fighting
  2629 | D        | Reached ****** piety under Dithmenos
  2814 | D        | Noticed a lindwurm
  2817 | D        | Killed a lindwurm
  2817 | D        | Reached skill level 1 in Conjurations
  2891 | D        | Noticed Urug
  2893 | D        | Killed Urug
  2897 | D        | Noticed an eight-headed hydra
  2897 | D        | Noticed a seven-headed hydra
  2911 | D        | Slain by an eight-headed hydra

Skill      XL: |  1  2  3  4  5  6  7  8  9 10 11 |
---------------+----------------------------------+-----
Fighting       | 1 2 3 4 6 7 8 9 10 | 10.3
Short Blades   | 4 5 6 8 11 12 13 15 16 17 | 17.6
Stealth        | 6 8 9 11 12 14 15 17 | 17.9
Spellcasting   | 4 7 8 10 11 12 13 | 13.5
Hexes          | 5 7 9 11 12 | 12.0
Conjurations   | 1 |  1.8
Dodging        | |  3.0

Action                   |  1- 3 |  4- 6 |  7- 9 | 10-12 || total
-------------------------+-------+-------+-------+-------++-------
Melee: Dagger            |    15 |     4 |    29 |   142 ||   190
 Cast: Ensorcelled Hiber |     3 |       |     9 |     3 ||    15
       Confuse           |       |     4 |     3 |    28 ||    35
       Dazzling Spray    |       |       |     4 |       ||     4
Invok: Shadow Step       |       |       |     1 |     1 ||     2
  Use: Potion            |       |       |     1 |     1 ||     2
 Stab: Sleeping          |     5 |     2 |    13 |    13 ||    33
       Confused          |       |     2 |     4 |     4 ||    10
Dodge: Dodged            |    10 |     1 |    13 |    10 ||    34
